 Dungeon Crawl Stone Soup version 0.29.0-4-gdea44cf6ec (webtiles) character file.

Game seed: 17376113298012728923

346 qw the Chopper (level 6, -1/48 HPs)
             Began as a Barachi Chaos Knight on Sept 4, 2022.
             Succumbed to an orc's poison
             ... on level 4 of the Dungeon.
             The game lasted 00:01:10 (2695 turns).

qw the Chopper (Barachi Chaos Knight)               Turns: 2695, Time: 00:01:10

Health: -1/48      AC:  6    Str: 19    XL:     6   Next: 59%
Magic:  6/6        EV: 12    Int: 12    God:
Gold:   127        SH:  0    Dex: 10    Spells: 5/5 levels left

rFire   . . .      SeeInvis .   Y - +0 hand axe (chaos)
rCold   . . .      Faith    .   (no shield)
rNeg    . . .      Spirit   .   b - +2 leather armour
rPois   .          Reflect  .   (helmet restricted)
rElec   .          Harm     .   (no cloak)
rCorr   +          Rampage  .   (no gloves)
Will    .....                   l - +0 pair of boots
Stlth   +.........              f - amulet of regeneration
HPRegen 0.96/turn               a - ring of resist corrosion
MPRegen 0.10/turn               (no ring)

@: lethally poisoned (-1 -> -7), about to teleport, slow
A: amphibious, slowness 1, strong legs 1, +LOS, antennae 1, strong 1
a: Hop


You were on level 4 of the Dungeon.
You visited 1 branch of the dungeon, and saw 4 of its levels.

You collected 127 gold pieces.


Innate Abilities, Weirdness & Mutations

You are amphibious.
You cover ground slowly.
You can hop short distances.
You have an extended range of vision and can be seen from far away.
You have a pair of small antennae on your head.
Your muscles are strong. (Str +4, Int/Dex -1)


   Skills:
 - Level 4.0 Fighting
 + Level 7.2 Axes
 - Level 1.0 Throwing
 - Level 2.4 Armour
 - Level 2.3 Dodging


You had 5 spell levels left.
You didn't know any spells.
Your spell library was empty.

Inventory:

Hand Weapons
 m - a +0 whip
 Y - a +0 hand axe of chaos (weapon)
Missiles
 o - 6 boomerangs (quivered)
Armour
 b - a +2 leather armour (worn)
 l - a +0 pair of boots (worn)
Jewellery
 a - a ring of resist corrosion (left hand)
 f - an amulet of regeneration (around neck)
Scrolls
 i - 3 scrolls of teleportation
 p - 2 scrolls of identify
Potions
 e - 2 potions of might
 j - a potion of resistance {unknown}
 k - a potion of berserk rage {unknown}
 n - 2 potions of curing
 r - a potion of attraction {unknown}
Miscellaneous
 c - a piece from Xom's chessboard (15/15)

Dungeon Overview and Level Annotations

Branches:
Dungeon (4/15)
 Temple: D:4-7

Altars:
Nemelex Xobeh

Annotations:
D:3 3 runed translucent doors, qw's ghost, amateur BaCK; qw's ghost, amateur GrFi; qw's ghost, amateur MiBe


Message History

The scorpion stings you.
The orc drinks a potion.
The orc is healed!
The scorpion closely misses you.
You barely miss the scorpion.
The scorpion is severely wounded.
You hit something. You freeze something. You hit the orc but do no damage.
The orc suddenly seems more agile.
You hit the orc but do no damage.
The orc is poisoned.
You feel sick. The orc barely misses you. Something completely misses you.
An orc comes into view. It is wielding a +0 short sword.
The orc hits you but does no damage.
You are more poisoned.
The scorpion barely misses you.
You hit the scorpion.
You kill the scorpion!
You closely miss the orc. You miss something. You barely miss the orc.
You closely miss the orc.
You feel very sick.
An orc comes into view. It is wielding a +0 short sword.
Something hits you but does no damage. The orc closely misses you.
The orc hits you with a +0 whip.
A hobgoblin comes into view.
The orc closely misses you.
Your Dodging skill increases to level 2!
You barely miss the orc.
The orc is severely wounded.
The hobgoblin shouts!
You hit the orc.
The orc is poisoned.
You hit the orc.
Nothing appears to happen.
You miss something. You hit the kobold. You hit the goblin.
You burn the goblin.
You feel very sick. The orc closely misses you. The goblin barely misses you.
The orc hits you with a +0 flail. The kobold hits you with a +0 club.
You hear some strange, mumbled words.
A magic dart appears from out of thin air!
The magic dart hits you. The orc closely misses you.
2695 ||| READING 4 scrolls of teleportation.
As you read the scroll of teleportation, it crumbles to dust.
You feel strangely unstable.
You die...
Xom howls with laughter!

... .#.....<.).....###. ##
.. #............###..
#..##. #.............#...
###.#..# ##..#...........#.
#..>.... #..##..........##
#(......####.##../.........
...g.)..o#.................
o..o....{go............#...
....o[..oo@............#...
...#.....o{K.....##........
##......#....####..#####
###....####.# ##.# #..#...
### ### #....... ...#..##..
..##...# #.. #. #.... .$.


You could see 7 orcs, a hobgoblin, a goblin and a kobold.

Vanquished Creatures
  A yak (shapeshifter) (D:3)
  A scorpion (D:4)
  Jessica (D:2)
  6 adders
  2 dart slugs
  3 orcs (D:4)
  2 endoplasms
  A giant cockroach (D:2)
  8 goblins
  5 hobgoblins
  7 jackals (D:1)
  4 quokkas (D:3)
  3 ball pythons
  5 bats
  A frilled lizard (D:1)
  8 kobolds
  3 rats
61 creatures vanquished.

Vanquished Creatures (others)
  4 withered plants (D:3)
4 creatures vanquished.

Grand Total: 65 creatures vanquished

Notes
Turn   | Place    | Note
-------+----------+-------------------------------------------
     0 | D:1      | qw the Barachi Chaos Knight began the quest for the Orb.
     0 | D:1      | Reached XP level 1. HP: 18/18 MP: 1/1
     0 | D:1      | 0 ||| qw: Version: 0.1-a-103-gd6f5d3a
     0 | D:1      | 0 ||| qw: Game counter: 5637
     0 | D:1      | 0 ||| qw: Always use a shield: true
     0 | D:1      | 0 ||| qw: God list: Okawaru
     0 | D:1      | 0 ||| qw: Allow faded altars: false
     0 | D:1      | 0 ||| qw: Do Orc after D:15 true
     0 | D:1      | 0 ||| qw: Do second Lair branch before Depths: true
     0 | D:1      | 0 ||| qw: Lair rune preference: random
     0 | D:1      | 0 ||| qw: Plans: Normal
     0 | D:1      | 0 ||| PLANNING D:1-11
     0 | D:1      | Fell from the grace of Xom
    32 | D:1      | Found a faded altar of an unknown god.
    58 | D:1      | 58 ||| Stepping ~*~*~tactically~*~*~ (stealth).
   140 | D:1      | Reached XP level 2. HP: 24/24 MP: 2/2
   141 | D:1      | Reached skill level 4 in Axes
   268 | D:1      | XOM: give mutation
   268 | D:1      | Gained mutation: You are frail. (-10% HP) [Xom's mischief]
   298 | D:1      | 298 ||| Stepping ~*~*~tactically~*~*~ (hiding).
   304 | D:1      | Reached skill level 1 in Throwing
   636 | D:1      | Reached XP level 3. HP: 26/26 MP: 3/3
   700 | D:1      | 700 ||| DROPPING +0 club.
   869 | D:1      | 869 ||| UPGRADING to amulet of regeneration.
   874 | D:1      | 874 ||| READING scroll labelled JYOWAH FOG.
   975 | D:1      | 975 ||| READING scroll labelled DEHAEC NOSECW.
   976 | D:1      | 976 ||| READING 2 scrolls labelled ADWEGU UNEN.
   980 | D:1      | 980 ||| READING scroll labelled GOROTI IMEAQ.
   981 | D:1      | 981 ||| DRINKING 2 white potions.
   981 | D:1      | Lost mutation: You are frail. (-10% HP) [potion of
                  | mutation]
   981 | D:1      | Gained mutation: You are strong-willed. (Will+) [potion of
                  | mutation]
   984 | D:1      | 984 ||| DRINKING 2 puce potions.
  1041 | D:2      | 1041 ||| Stepping ~*~*~tactically~*~*~ (stealth).
  1042 | D:2      | 1042 ||| Stepping ~*~*~tactically~*~*~ (stealth).
  1065 | D:2      | Found a sparkling altar of Nemelex Xobeh.
  1204 | D:2      | 1204 ||| Stepping ~*~*~tactically~*~*~ (stealth).
  1205 | D:2      | 1205 ||| Stepping ~*~*~tactically~*~*~ (stealth).
  1331 | D:2      | XOM: scenery: summon butterflies
  1409 | D:2      | XOM: give mutations
  1409 | D:2      | Gained mutation: Your flesh is cold resistant. (rC+) [Xom's
                  | mischief]
  1409 | D:2      | Gained mutation: You occasionally lose the ability to drink
                  | potions when taking damage. [Xom's mischief]
  1409 | D:2      | Gained mutation: You occasionally lose the ability to read
                  | scrolls when taking damage. [Xom's mischief]
  1409 | D:2      | Lost mutation: You occasionally lose the ability to drink
                  | potions when taking damage. [Xom's mischief]
  1433 | D:2      | 1433 ||| DRINKING potion of mutation.
  1433 | D:2      | Lost mutation: You are strong-willed. (Will+) [potion of
                  | mutation]
  1433 | D:2      | Lost mutation: Your flesh is cold resistant. (rC+) [potion
                  | of mutation]
  1433 | D:2      | Lost mutation: You occasionally lose the ability to read
                  | scrolls when taking damage. [potion of mutation]
  1433 | D:2      | Gained mutation: Your muscles are strong. (Str +4, Int/Dex
                  | -1) [potion of mutation]
  1433 | D:2      | Gained mutation: You have a pair of small antennae on your
                  | head. [potion of mutation]
  1541 | D:2      | Reached skill level 5 in Axes
  1566 | D:2      | 1566 ||| Stepping ~*~*~tactically~*~*~ (stealth).
  1574 | D:2      | Reached XP level 4. HP: 36/36 MP: 4/4
  1612 | D:2      | Noticed Jessica
  1613 | D:2      | 1613 ||| Stepping ~*~*~tactically~*~*~ (hiding).
  1619 | D:2      | Killed Jessica
  1691 | D:2      | 1691 ||| UPGRADING to +0 pair of boots.
  1696 | D:2      | 1696 ||| UPGRADING to ring of resist corrosion.
  1697 | D:2      | 1697 ||| READING scroll labelled YSYNTU MA PIA.
  1698 | D:2      | 1698 ||| READING scroll labelled VUSIEG ICWAE.
  1699 | D:2      | 1699 ||| READING scroll labelled CAHELI SIMMUE.
  1700 | D:2      | 1700 ||| READING 2 scrolls labelled PAJ SAMASUDWEN.
  1701 | D:2      | 1701 ||| DRINKING 2 murky ruby potions.
  1802 | D:3      | Found a runed translucent gate.
  1802 | D:3      | Found a runed translucent gate.
  1802 | D:3      | Found a runed translucent gate.
  1807 | D:3      | Noticed qw's ghost (amateur BaCK)
  1838 | D:3      | 1838 ||| Stepping ~*~*~tactically~*~*~ (stealth).
  1839 | D:3      | 1839 ||| Stepping ~*~*~tactically~*~*~ (stealth).
  1934 | D:3      | XOM: torment (19/36 hp)
  2051 | D:3      | 2051 ||| Stepping ~*~*~tactically~*~*~ (hiding).
  2061 | D:3      | Reached XP level 5. HP: 39/41 MP: 5/5
  2061 | D:3      | Noticed a shapeshifter
  2061 | D:3      | a goblin changed into a shapeshifter
  2061 | D:3      | Noticed a yak
  2061 | D:3      | a shapeshifter changed into a yak
  2069 | D:3      | Killed a yak
  2070 | D:3      | Reached skill level 7 in Axes
  2070 | D:3      | Reached XP level 6. HP: 24/47 MP: 6/6
  2141 | D:3      | Noticed qw's ghost (amateur MiBe)
  2141 | D:3      | Noticed qw's ghost (amateur GrFi)
  2285 | D:3      | XOM: summons 3 hostile shadow creatures
  2433 | D:3      | XOM: summons 1 hostile shadow creature
  2564 | D:3      | 2564 ||| READING scroll labelled KIABBU LIHAOB.
  2565 | D:3      | 2565 ||| READING 2 scrolls of identify.
  2565 | D:3      | 2565 ||| IDENTIFYING grey potion
  2566 | D:3      | 2566 ||| DROPPING potion of magic.
  2663 | D:4      | 2663 ||| Stepping ~*~*~tactically~*~*~ (stealth).
  2664 | D:4      | 2664 ||| Stepping ~*~*~tactically~*~*~ (stealth).
  2669 | D:4      | 2669 ||| Stepping ~*~*~tactically~*~*~ (stealth).
  2694 | D:4      | HP: 10/48 [orc/+0 flail (5)]
  2694 | D:4      | HP: 1/48 [something/magic dart (5)]
  2695 | D:4      | 2695 ||| READING 4 scrolls of teleportation.
  2695 | D:4      | Succumbed to an orc's poison

Levels and vault maps discovered:
D:1:      psy_arrival_radial01, layout_loops_ring,
          chequers_ecumenical_altar_simple_redux, minivault_27
D:2:      layout_basic, basic_altar, guppyfry_early_lair_pool, uniq_jessica
D:3:      layout_basic, gammafunk_ghost_cemetery
D:4:      layout_cave_pools, minivault_4

Skill      XL: |  1  2  3  4  5  6 |
---------------+-------------------+-----
Axes           | 4 5 7 |  7.2
Throwing       | 1 |  1.0
Fighting       | 4 |  4.0
Dodging        | 2 |  2.3
Armour         | |  2.4

Action                   |  1- 3 |  4- 6 || total
-------------------------+-------+-------++-------
Melee: Hand axe          |    54 |    98 ||   152
Throw: Javelin           |    17 |    11 ||    28
       Boomerang         |    16 |    17 ||    33
Invok: Renounce Religion |     1 |       ||     1
  Use: Scroll            |     4 |     7 ||    11
       Potion            |     3 |     1 ||     4
Armor: Leather armour    |    21 |    27 ||    48
Dodge: Dodged            |    35 |    64 ||    99

Table legend:
 A = Non-vault XP
 B = Vault XP
 C = Vault XP percentage of total XP
 D = Non-vault monster count
 E = Vault monster count
 F = Vault count percentage of total count
                 A         B        C        D         E       F
            +---------+---------+-------+---------+---------+-------
      Total |     458 |      37 |   7.5 |      60 |       1 |   1.6
            +---------+---------+-------+---------+---------+-------
        D:1 |      37 |       0 |   0.0 |      21 |       0 |   0.0
        D:2 |      45 |      37 |  45.1 |      12 |       1 |   7.7
        D:3 |     276 |       0 |   0.0 |      18 |       0 |   0.0
        D:4 |     100 |       0 |   0.0 |       9 |       0 |   0.0
            +---------+---------+-------+---------+---------+-------
